 Dungeon Crawl Stone Soup version 0.28.0 (webtiles) character file.

Game seed: 14065360954375834454

1834 Nothus the Covert (level 8, -14/45 HPs)
             Began as a Vampire Necromancer on Feb 26, 2022.
             Was a Priest of Kikubaaqudgha.
             Shot with a sling bullet by Joseph (15 damage)
             ... on level 7 of the Dungeon.
             The game lasted 01:03:50 (8211 turns).

Nothus the Covert (Vampire Necromancer)             Turns: 8211, Time: 01:03:51

Health: -14/45     AC:  6    Str:  6 (7)  XL:     8   Next: 87%
Magic:  15/15      EV: 11    Int: 18      God:    Kikubaaqudgha [***...]
Gold:   249        SH:  0    Dex: 16      Spells: 2/17 levels left

rFire   . . .      SeeInvis +   e - +0 dagger
rCold   + + +      Faith    .   (no shield)
rNeg    + + +      Spirit   .   s - +0 leather armour
rPois   ∞          Reflect  .   (no helmet)
rElec   .          Harm     .   o - +2 cloak {rPois}
rCorr   .          Rampage  .   (no gloves)
Will    .....                   (no boots)
Stlth   ++++++....              (no amulet)
HPRegen 0.00/turn               n - ring of protection from cold
MPRegen 0.14/turn               (no ring)

@: bloodless, inhibited regen
A: bloodless, fangs 3, see invisible, vampiric 2
a: Bat Form, Revivify, Renounce Religion, Receive Corpses


You were on level 7 of the Dungeon.
You worshipped Kikubaaqudgha.
Kikubaaqudgha was most pleased with you.
You visited 1 branch of the dungeon, and saw 7 of its levels.

You collected 249 gold pieces.

Inventory:

Hand Weapons
 e - a +0 dagger (weapon)
Missiles
 q - 4 curare-tipped darts (quivered)
 r - 6 poisoned darts
Armour
 g - a +0 buckler
 o - a +2 cloak of poison resistance (worn)
 s - a +0 leather armour (worn)
Jewellery
 n - a ring of protection from cold (left hand)
Wands
 u - a wand of paralysis (14)
Scrolls
 a - a scroll of amnesia {unknown}
 d - 2 scrolls of vulnerability
 f - 2 scrolls of teleportation
 i - a scroll of magic mapping
 j - a scroll of enchant weapon {unknown}
 k - a scroll of identify
 m - a scroll of holy word {unknown}
 p - a scroll of acquirement {unknown}
Potions
 c - a potion of curing
 h - 2 potions of degeneration {unknown}
 l - a potion of magic {unknown}
 t - 3 potions of ambrosia
Miscellaneous
 b - a phantom mirror (inert)


   Skills:
 + Level 2.5 Fighting
 - Level 6.0 Short Blades
 - Level 2.1 Dodging
 - Level 9.0 Stealth
 - Level 5.0 Spellcasting
 * Level 7.9 Necromancy


You had 2 spell levels left.
You knew the following spells:

 Your Spells              Type           Power      Damage    Failure   Level
a - Pain                  Necr           100%       1d9       1%          1
b - Animate Skeleton      Necr           66%        N/A       1%          1
c - Vampiric Draining     Necr           33%        2d8       2%          3
d - Corpse Rot            Necr/Air       36%        N/A       6%          2
e - Animate Dead          Necr           16%        N/A       8%          4
f - Dispel Undead         Necr           33%        3d14      8%          4

Your spell library contained the following spells:

 Spells                   Type           Power      Damage    Failure   Level
 Agony                    Necr           33%        N/A       22%         5
 Excruciating Wounds      Necr           16%        N/A       22%         5
 Anguish                  Hex/Necr       9%         N/A       38%         4
 Death Channel            Necr           16%        N/A       77%         6
 Olgreb's Toxic Radiance  Pois           4%         N/A       90%         4
 Ozocubu's Refrigeration  Ice            2%         4d5       100%        7
 Ignition                 Fire           2%         3d3       100%        8


Dungeon Overview and Level Annotations

Branches:
Dungeon (7/15)             Temple (0/1) D:6

Altars:
Kikubaaqudgha

Annotations:
D:5 1 transporter, exclusion: door, da312102's ghost, weakling DsDe
D:6 Prince Ribbit
D:7 Joseph; Maggie


Innate Abilities, Weirdness & Mutations

You do not regenerate when monsters are visible.
You are frail without blood (-20% HP).
You can heal yourself when you bite living creatures.
You are immune to poison.
You have razor-sharp teeth.
You have supernaturally acute eyesight. (SInv)
You are afflicted with vampirism and can become a bat while bloodless.


Message History

Casting: Dispel Undead (quite dangerous; 9% risk of failure)
Confirm with . or Enter, or press ? or * to list all spells.
The spell is quite dangerous to miscast (9% risk of failure)!
Continue anyway?
Uppercase [Y]es or [N]o only, please.
The spell is quite dangerous to miscast (9% risk of failure)!
Continue anyway?
Aiming: Dispel Undead (quite dangerous; 9% risk of failure)
Press: ? - help, Shift-Dir - straight line, f/p - phantom
Aim: a phantom (severely damaged, 100% to hit)
The phantom is dispelled!!
You destroy the phantom!
Kikubaaqudgha accepts your kill.
You start resting.
Magic restored.
q - 4 curare-tipped darts (gained 1) Maggie and Joseph come into view.
Maggie shouts!
Joseph shouts!
Joseph unwields a +0 quarterstaff.
Joseph wields a +0 hunting sling of flaming.
It bursts into flame!
Joseph shoots a sling bullet.
The sling bullet barely misses you. Maggie gestures at you while chanting.
The bolt of fire hits you!!
Ouch! That really hurt!
Press: ? - help, v - describe, . - travel
Here: Joseph, wielding a +0 hunting sling of flaming, wearing a +0 leather armour and quivering sling bullets The floor.
Aiming: Paralyse
Press: ? - help, Shift-Dir - straight line, f - Joseph
Aim: Joseph, wielding a +0 hunting sling of flaming, wearing a +0 leather armour and quivering sling bullets (chance to affect: 31%)
Okay, then.
Aiming: Phantom Mirror
Press: ? - help, Dir - move target, f - Joseph
Aim: Joseph, wielding a +0 hunting sling of flaming, wearing a +0 leather armour and quivering sling bullets You reflect Joseph with the mirror!
The mirror clouds!
Maggie casts a spell at you. The bolt of fire hits you!!
* * * LOW HITPOINT WARNING * * *
Joseph shoots a sling bullet.
The sling bullet hits you!
You die...
Kikubaaqudgha rasps: "You have failed me!
Welcome... oblivion!"

##.........#
##........#
#.###..### #.
##..# #.
#...# #.
#.#.# #.
#.#.#
#.##.#.#
#.@....#
...@@.@...###
..#########


You could see Joseph (ally target), Maggie and the friendly Joseph (summoned,
drained).

Vanquished Creatures
  Grinder (D:6)
  Edmund (D:6)
  A water moccasin (D:5)
  3 ogres
  2 centaurs
  A phantom (D:7)
  A gnoll sergeant (D:5)
  A scorpion (D:4)
  A water moccasin zombie (D:5)
  A water moccasin skeleton (D:4)
  A howler monkey (D:5)
  2 centaur zombies (D:5)
  3 bullfrog zombies
  A centaur skeleton (D:2)
  2 hounds
  A jelly (D:5)
  Crazy Yiuf (D:3)
  5 iguanas
  A hound skeleton (D:5)
  4 gnolls (D:5)
  9 adders
  A shadow imp (D:5)
  An ufetubus (D:5)
  An adder skeleton (D:4)
  A worm (D:4)
  A dart slug (D:1)
  9 orcs
  6 ball pythons
  6 endoplasms
  3 giant cockroaches (D:3)
  2 goblins (D:1)
  5 hobgoblins
  A jackal (D:4)
  6 kobolds
  4 quokkas
  3 bats
  4 frilled lizards
  7 rats
104 creatures vanquished.

Vanquished Creatures (collateral kills)
  A shadow imp (D:6)
  An endoplasm (D:1)
  2 jackals (D:4)
  A kobold (D:1)
5 creatures vanquished.

Vanquished Creatures (others)
  2 fungi
2 creatures vanquished.

Grand Total: 111 creatures vanquished

Notes
Turn   | Place    | Note
-------+----------+-------------------------------------------
     0 | D:1      | Nothus the Vampire Necromancer began the quest for the Orb.
     0 | D:1      | Reached XP level 1. HP: 13/13 MP: 3/3
   186 | D:1      | Learned a level 1 spell: Animate Skeleton
   394 | D:1      | Reached XP level 2. HP: 19/19 MP: 5/5
   496 | D:1      | Reached skill level 5 in Necromancy
   661 | D:1      | Found a faded altar of an unknown god.
   674 | D:1      | Prayed at the altar of an unknown god.
   674 | D:1      | Became a worshipper of Kikubaaqudgha
   674 | D:1      | Reached * piety under Kikubaaqudgha
   674 | D:1      | Received a gift from Kikubaaqudgha
  1337 | D:2      | Gained mutation: You are afflicted with vampirism and can
                  | become a bat while bloodless. [Vampire growth]
  1337 | D:2      | Reached XP level 3. HP: 9/24 MP: 2/6
  1447 | D:2      | Learned a level 3 spell: Vampiric Draining
  1784 | D:2      | Reached XP level 4. HP: 30/30 MP: 7/7
  2243 | D:3      | Reached skill level 4 in Stealth
  2390 | D:3      | Reached ** piety under Kikubaaqudgha
  2869 | D:3      | Reached skill level 5 in Stealth
  3079 | D:3      | Found a runed translucent door.
  3080 | D:3      | Noticed Crazy Yiuf
  3088 | D:3      | Killed Crazy Yiuf
  3089 | D:3      | Reached XP level 5. HP: 31/35 MP: 4/8
  3417 | D:4      | Reached skill level 7 in Stealth
  3647 | D:4      | Reached skill level 8 in Stealth
  3647 | D:4      | Reached XP level 6. HP: 25/41 MP: 5/9
  3835 | D:4      | You fall into a shaft and drop 2 floors!
  4010 | D:5      | Entered Level 5 of the Dungeon
  4149 | D:5      | Reached skill level 9 in Stealth
  4216 | D:5      | Reached skill level 1 in Short Blades
  5356 | D:4      | Reached XP level 7. HP: 41/41 MP: 4/10
  5578 | D:5      | Reached skill level 5 in Short Blades
  6098 | D:5      | Noticed a yak
  6319 | D:5      | Noticed da312102's ghost (weakling DsDe)
  6320 | D:5      | Found a transporter.
  6324 | D:5      | Found a transporter.
  6327 | D:5      | Reached XP level 8. HP: 47/52 MP: 10/12
  6856 | D:6      | Noticed Grinder
  6890 | D:6      | Killed Grinder
  6891 | D:6      | Reached skill level 5 in Spellcasting
  7007 | D:6      | Noticed Edmund
  7012 | D:6      | Killed Edmund
  7013 | D:6      | Reached skill level 1 in Fighting
  7057 | D:6      | Found a staircase to the Ecumenical Temple.
  7756 | D:6      | Noticed Prince Ribbit
  8058 | D:7      | Reached *** piety under Kikubaaqudgha
  8058 | D:7      | Received a gift from Kikubaaqudgha
  8062 | D:7      | Learned a level 2 spell: Corpse Rot
  8067 | D:7      | Learned a level 4 spell: Animate Dead
  8072 | D:7      | Learned a level 4 spell: Dispel Undead
  8208 | D:7      | Noticed Maggie
  8208 | D:7      | Noticed Joseph
  8211 | D:7      | HP: 1/45 [Maggie/bolt of fire (18)]
  8211 | D:7      | Shot with a sling bullet by Joseph

Illustrated notes

Levels and vault maps discovered:
D:1:      lemuel_arrival_hallway, layout_basic,
          dreamdust_ecumenical_altar_hidden_monk_grotto, grunt_decor_one_mirror
D:2:      layout_loops_corners
D:3:      layout_basic, uniq_crazy_yiuf_cottage
D:4:      minmay_clustersquares, layout_cave_pods
D:5:      minmay_chambers_of_fours, layout_basic, gammafunk_ghost_hive,
          corexii_item_surrounded_by_moat, minivault_14
D:6:      layout_loops_corners, minmay_temple_entry_mist,
          minmay_misc_feat_tower, uniq_grinder, uniq_edmund, uniq_prince_ribbit1
D:7:      layout_loops_corners, tgw_kikubaaqudgha, lightli_church_of_beogh,
          uniq_maggie, uniq_joseph

Skill      XL: |  1  2  3  4  5  6  7  8 |
---------------+-------------------------+-----
Necromancy     | 5 6 7 |  7.9
Stealth        | 5 8 9 |  9.0
Short Blades   | 3 6 |  6.0
Spellcasting   | 3 5 |  5.0
Fighting       | 2 |  2.5
Dodging        | |  2.1

Action                   |  1- 3 |  4- 6 |  7- 9 || total
-------------------------+-------+-------+-------++-------
Melee: Dagger            |    28 |   106 |   110 ||   244
       Unarmed           |     2 |       |       ||     2
       Bite              |     5 |    16 |     8 ||    29
       Punch             |       |     2 |     1 ||     3
Throw: Dart              |       |     8 |    15 ||    23
 Cast: Pain              |    31 |    52 |    22 ||   105
       Animate Skeleton  |    10 |    18 |    10 ||    38
       Vampiric Draining |       |     5 |     4 ||     9
       Dispel Undead     |       |       |     2 ||     2
Invok: Receive Corpses   |       |     2 |     1 ||     3
 Abil: End Transformatio |       |     2 |       ||     2
       Bat Form          |       |     2 |       ||     2
       Exsanguinate      |       |     1 |     1 ||     2
       Revivify          |       |     1 |       ||     1
Evoke: Wand              |       |     9 |       ||     9
       Phantom mirror    |       |       |     1 ||     1
  Use: Scroll            |       |     6 |     4 ||    10
       Potion            |       |       |     5 ||     5
 Stab: Sleeping          |     8 |    11 |    14 ||    33
       Distracted        |       |     1 |       ||     1
Armor: Robe              |     8 |     5 |       ||    13
       Leather armour    |       |    29 |    42 ||    71
Dodge: Dodged            |    19 |    66 |    53 ||   138
